 Dungeon Crawl Stone Soup version 0.28-a0-511-gcc94558de3 (webtiles) character file.

Game seed: 14555007501515860814

31 meatgazer the Unweaver (level 3, -2/29 HPs)
             Began as a Demonspawn Abyssal Knight on Sept 21, 2021.
             Was a Follower of Lugonu.
             Slain by Sigmund (8 damage)
             ... on level 2 of the Dungeon.
             The game lasted 00:02:23 (1204 turns).

meatgazer the Unweaver (Demonspawn Abyssal Knight)  Turns: 1204, Time: 00:02:24

Health: -2/29      AC:  3    Str: 14    XL:     3   Next: 7%
Magic:  5/5        EV: 11    Int: 11    God:    Lugonu [*.....]
Gold:   81         SH:  0    Dex: 13    Spells: 2/2 levels left

rFire   . . .      SeeInvis .   d - +3 mace
rCold   . . .      Faith    .   (no shield)
rNeg    . . .      Spirit   .   b - +0 leather armour
rPois   .          Reflect  .   (no helmet)
rElec   .          Harm     .   (no cloak)
rCorr   .          Rampage  .   (no gloves)
Will    .....                   (no boots)
Stlth   +.........              (no amulet)
HPRegen 0.09/turn               (no ring)
MPRegen 0.09/turn               (no ring)

@: no status effects
A: claws 1, powered by death 1
a: Renounce Religion, Depart the Abyss


You were on level 2 of the Dungeon.
You worshipped Lugonu.
Lugonu was aware of your devotion.
You visited 1 branch of the dungeon, and saw 2 of its levels.
You visited the Abyss 1 time.

You collected 81 gold pieces.

Inventory:

Hand Weapons
 d - a +3 mace (weapon)
Armour
 b - a +0 leather armour (worn)


   Skills:
 + Level 3.3 Fighting
 + Level 2.2 Maces & Flails
 - Level 1.7 Armour
 - Level 0.8 Dodging
 * Level 3.7 Invocations


You had 2 spell levels left.
You didn't know any spells.
Your spell library contained the following spells:

 Spells                   Type           Power      Damage    Failure   Level
 Foxfire                  Conj/Fire      0%         2x1d4     41%         1
 Magic Dart               Conj           0%         1d3       41%         1
 Searing Ray              Conj           0%         2d4       54%         2
 Conjure Flame            Conj/Fire      0%         6-21      78%         3
 Inner Flame              Hex/Fire       0%         N/A       78%         3
 Flame Wave               Conj/Fire      0%         3d3       99%         4
 Fulminant Prism          Conj/Hex       0%         3d6       99%         4


Dungeon Overview and Level Annotations

Branches:
Dungeon (2/15)

Altars:

Shops:
D:2 =

Annotations:
D:2 Sigmund


Innate Abilities, Weirdness & Mutations

You have sharp fingernails.
You regenerate a little health from kills.


Message History

Found Polaso Ucla's Jewellery Shoppe.
Found a spear.
There is an entrance to Polaso Ucla's Jewellery Shoppe here.
You now have 81 gold pieces (gained 10).
Found a stone staircase leading down.
Sigmund the Dreaded comes into view.
He is wielding a +0 scythe and carrying a wand of digging (5).
Sigmund shouts!
A bat comes into view.
You aren't carrying any scrolls.
It was a potion of magic.
Magic courses through your body. The bat closely misses you.
It was a potion of curing.
You feel better. The bat barely misses you. x2
You hit the bat.
The bat is severely wounded.
The bat misses you. The bat closely misses you.
You sock the bat!
You kill the bat!
Lugonu accepts your kill. Sigmund gestures at you while chanting.
You are confused.
You are too confused!
You are too confused!
Sigmund mumbles some strange words.
Sigmund flickers and vanishes!
Deactivating autopickup; reactivate with Ctrl-A.
Something hits you but does no damage.
You miss something. Something hits you.
You're too confused to move!
A magic dart appears from out of thin air!
The magic dart hits you.
You're too confused to move!
You feel less confused. Something hits you! Something hits you.
* * * LOW HITPOINT WARNING * * *
You miss something. You hit something. Something hits you.
* * * LOW HITPOINT WARNING * * *
You closely miss something. Something hits you!
You die...

##...##...###
#...........#
###....#...#.#######
.....#.##.##.......#
#.#.##.##........#
#.#.##.#####..#..# #
..#.##.#####.....#.#
..#.##...........#.##
....##.....##...@...#
....##.....##....{..#
.##.##..................
.##.##.....##....##.#...
..#.##.>...##.......# ##
#.#.############.####
#.#).....# #.# ....# #.#
#.#
#...####.#######.######


There were no monsters in sight!

Vanquished Creatures
  5 endoplasms (D:1)
  5 giant cockroaches (D:1)
  2 goblins (D:1)
  2 hobgoblins
  A quokka (D:1)
  3 ball pythons (D:1)
  2 bats
  2 frilled lizards (D:1)
  4 kobolds
  A rat (D:1)
27 creatures vanquished.

Notes
Turn   | Place    | Note
-------+----------+-------------------------------------------
     0 | Abyss:1  | meatgazer the Demonspawn Abyssal Knight began the quest for
                  | the Orb.
     0 | Abyss:1  | Reached XP level 1. HP: 18/18 MP: 2/2
   116 | Abyss:2  | Noticed a small abomination
   122 | Abyss:2  | Noticed a wretched star
   126 | D:1      | Escaped the Abyss
   253 | D:1      | Gained mutation: You regenerate a little health from kills.
                  | [demonic ancestry]
   253 | D:1      | Reached XP level 2. HP: 5/24 MP: 2/4
   498 | D:1      | Reached * piety under Lugonu
  1109 | D:2      | Gained mutation: You have sharp fingernails. [demonic
                  | ancestry]
  1109 | D:2      | Reached XP level 3. HP: 28/29 MP: 5/5
  1125 | D:2      | Found Polaso Ucla's Jewellery Shoppe.
  1190 | D:2      | Noticed Sigmund
  1204 | D:2      | Slain by Sigmund

Illustrated notes

Levels and vault maps discovered:
D:1:      onia_arrival_mini_spirals, layout_rooms, minmay_hedge_maze
D:2:      layout_loops_cross, shapermc_ecumenical_altar_petra, basic_altar,
          serial_shops, shop, shop, uniq_robin, uniq_sigmund

Skill      XL: |  1 |
---------------+----+-----
Maces & Flails | 2 |  2.2
Invocations    | 3 |  3.7
Fighting       | |  3.3
Armour         | |  1.7
Dodging        | |  0.8

Action                   || total
-------------------------++-------
Melee: Mace              ||    60
Invok: Depart the Abyss  ||     1
  Use: Scroll            ||     1
       Potion            ||     2
 Stab: Sleeping          ||     2
Armor: Leather armour    ||    14
Dodge: Dodged            ||    33

Table legend: (Time is in decaauts)
 A = Elapsed time spent in this place.
 B = Non-inter-level travel time spent in this place.
 C = Inter-level travel time spent in this place.
 D = Time resting spent in this place.
 E = Time spent auto-exploring this place.
 F = Levels seen in this place.
 G = Mean time per level.
                   A        B        C        D        E       F      G
               +--------+--------+--------+--------+--------+-----+--------+
         Total |   1220 |   1178 |     42 |    227 |    728 |   4 |  305.0 |
       Dungeon |   1094 |   1052 |     42 |    227 |    654 |   2 |  547.0 |
         Abyss |    126 |    126 |      0 |      0 |     74 |   2 |   63.0 |
               +--------+--------+--------+--------+--------+-----+--------+

Top non-repeatable levels by time:
     D:1: 991 daAuts
     D:2: 102 daAuts
 Abyss:1: 75 daAuts
 Abyss:2: 51 daAuts
